 Dungeon Sprint DCSS version 0.17-a0-1651-gae1a69f (webtiles) character file.

113 nuthulu the Covert (level 4, 0/23 HPs)
             Began as a Spriggan Enchanter on Aug 14, 2015.
             Was an Initiate of Dithmenos.
             Slain by a wolf (7 damage)
             ... in the Dungeon (Sprint V: "Ziggurat Sprint").
             The game lasted 00:01:21 (75 turns).

nuthulu the Covert (Spriggan Enchanter)               Turns: 75, Time: 00:01:21

Health: 0/23       AC:  3    Str: 10    XL:     4   Next: 65%
Magic:  9/13       EV: 20    Int: 22    God:    Dithmenos [......]
Gold:   0          SH:  0    Dex: 17    Spells: 2 memorised, 13 levels left

rFire  . . .     SeeInvis +     n - +5 rapier
rCold  . . .     Clarity  .     b - +1 robe
rNeg   . . .     SustAt   .     (shield restricted)
rPois  .         Gourm    .     (helmet restricted)
rElec  .         Spirit   .     (no cloak)
rCorr  .         Warding  .     (gloves unavailable)
rMut   .         NoTele   +     (boots unavailable)
MR     .....                    (no amulet)
Stlth  +++++.....               F - +6 ring of intelligence
                                G - +6 ring of strength

@: very quick, not resistant to hostile enchantments, quite stealthy
A: unfitting armour, see invisible, herbivore 3, speed 3, slow metabolism 2
a: Renounce Religion


You were in the Dungeon.
You worshipped Dithmenos.
Dithmenos was noncommittal.
You were not hungry.

You visited 1 branch

Inventory:

Hand weapons
 a - a +1 dagger
 n - a +5 rapier (weapon)
Armour
 b - a +1 robe (worn)
Jewellery
 C - a +6 ring of dexterity
 D - a +6 ring of dexterity
 E - a +6 ring of intelligence
 F - a +6 ring of intelligence (right hand)
 G - a +6 ring of strength (left hand)
 H - a +6 ring of strength
Magical devices
 y - a wand of disintegration (7)
 z - a wand of fire (5)
 A - a wand of cold (5)
 B - a wand of draining (5)
Scrolls
 j - 4 scrolls of blinking
 q - 4 scrolls of amnesia
 r - 3 scrolls of recharging
 s - 7 scrolls of fog
 t - a scroll of holy word
 u - 5 scrolls of identify
 v - 5 scrolls of remove curse
 w - 2 scrolls of fear
Potions
 e - 10 potions of curing
 f - 10 potions of heal wounds
 g - 6 potions of haste
 h - 6 potions of magic
 i - 3 potions of berserk rage
 k - 2 potions of brilliance
 l - 2 potions of invisibility
 m - 4 potions of resistance
 o - 5 potions of agility
 p - 5 potions of might
Books
 c - a book of Maledictions

   Spells                             Type                      Level
   a - Corona                         Hexes                        1
   b - Ensorcelled Hibernation        Hexes/Ice                    2
   c - Confuse                        Hexes                        3
   d - Tukima's Dance                 Hexes                        3
   e - Dazzling Spray                 Conjuration/Hexes            3
Comestibles
 d - 5 bread rations
 x - 42 fruits


   Skills:
 + Level 2.3 Fighting
 + Level 3.3 Short Blades
 + Level 5.2 Dodging
 + Level 9.5 Stealth
 + Level 6.7 Spellcasting
 + Level 7.2 Hexes


You had 13 spell levels left.
You knew the following spells:

 Your Spells              Type           Power        Failure   Level  Hunger
a - Corona                Hex            #####..      1%          1    None
b - Ensorcelled Hibernat  Hex/Ice        ###...       3%          2    None


Dungeon Overview and Level Annotations

Branches:
Dungeon (1/1)

Altars:
Ashenzari
Cheibriados
Dithmenos
Elyvilon
Fedhas
Gozag
Kikubaaqudgha
Makhleb
Nemelex Xobeh
Okawaru
Qazlal
Ru
Sif Muna
Trog
Vehumet
Xom
Yredelemnul
Zin
The Shining One
Beogh
Jiyva
Lugonu


Innate Abilities, Weirdness & Mutations

You are tiny and cannot use many weapons and most armour.
You have supernaturally acute eyesight.
You are a herbivore.
You cover ground extremely quickly.
You need consume almost no food.


Message History

You kill the wolf!
Dithmenos accepts your kill.
Your Fighting skill gained 2 levels and is now at level 2!
Your Short Blades skill gained 2 levels and is now at level 3!
Your Dodging skill gained 2 levels and is now at level 5!
Your Stealth skill increases to level 9!
Your Spellcasting skill increases to level 6!
Your Hexes skill increases to level 7!
You have reached level 3!
Your experience leads to an increase in your attributes!
Your base attributes are Str 4, Int 16, Dex 16.
Increase (S)trength, (I)ntelligence, or (D)exterity?
You feel agile.
You have reached level 4!
You hit the wolf but do no damage. The wolf bites you.
The wolf completely misses you.
You barely miss the wolf. The wolf bites you but does no damage.
The wolf completely misses you.
You closely miss the wolf. The wolf bites you. The wolf bites you!
You die...

▓▓▓▓▓▓▓
▓.8©8.▓
▓.....▓
▓.).).▓
▓...h.▓
▓...@.▓
▓.....▓
▓▓▓▓▓▓▓


You could see a wolf.

Vanquished Creatures
  A wolf (D)
1 creature vanquished.

Notes
Turn   | Place    | Note
--------------------------------------------------------------
     0 | D        | nuthulu the Spriggan Enchanter began the quest for the Orb.
     0 | D        | Reached XP level 1. HP: 9/9 MP: 5/5
     0 | D        | Found a roughly hewn altar of Beogh.
     0 | D        | Found a corrupted altar of Lugonu.
     0 | D        | Found a viscous altar of Jiyva.
     0 | D        | Found a white marble altar of Elyvilon.
     0 | D        | Found a sparkling altar of Nemelex Xobeh.
     0 | D        | Found a burning altar of Makhleb.
     0 | D        | Found an iron altar of Okawaru.
     0 | D        | Found a deep blue altar of Sif Muna.
     0 | D        | Found a radiant altar of Vehumet.
     0 | D        | Found a bloodstained altar of Trog.
     0 | D        | Found a shimmering altar of Xom.
    16 | D        | Reached skill level 8 in Stealth
    16 | D        | Reached skill level 5 in Spellcasting
    16 | D        | Reached XP level 2. HP: 13/13 MP: 5/9
    20 | D        | Learned a level 2 spell: Ensorcelled Hibernation
    31 | D        | Became a worshipper of Dithmenos the Shadowed
    64 | D        | Entered arena 1.
    64 | D        | Noticed a wolf
    64 | D        | Noticed a wolf
    71 | D        | Killed a wolf
    71 | D        | Reached skill level 5 in Dodging
    71 | D        | Reached skill level 9 in Stealth
    71 | D        | Reached XP level 3. HP: 13/18 MP: 8/12
    71 | D        | Reached XP level 4. HP: 16/23 MP: 8/13
    75 | D        | Slain by a wolf

Vault maps used:
D:        sprint_v

Action                   |  1- 3 |  4- 6 || total
-------------------------+-------+-------++-------
Melee: Rapier            |     1 |     3 ||     4
 Cast: Ensorcelled Hiber |     5 |       ||     5
  Use: Potion            |     2 |       ||     2
 Stab: Sleeping          |     1 |       ||     1
